 Dungeon Crawl Stone Soup version 0.32-a0-411-g744942f433 (webtiles) character file.

Game seed: 2293395656395906504

1526 ragingrage the Grappler (level 8, 0/74 HPs)
             Began as a Naga Shapeshifter on Feb 21, 2024.
             Was an Initiate of Yredelemnul.
             Slain by a wight
             ... wielding a +4 short sword of freezing
              (7 damage)
             ... on level 7 of the Dungeon.
             The game lasted 00:07:10 (5354 turns).

ragingrage the Grappler (Naga Shapeshifter)         Turns: 5354, Time: 00:07:11

Health: 0/74       AC:  7    Str: 18    XL:     8   Next: 85%
Magic:  8/8        EV:  9    Int: 11    God:    Yredelemnul [......]
Gold:   369        SH:  0    Dex: 17    Spells: 7/7 levels left

rFire   + . .        H - +2 halberd (distort)
rCold   . . .        (shield currently unavailable)
rNeg    . . .        p - +3 leather armour {Will+}
rPois   +            (helmet currently unavailable)
rElec   .            (cloak currently unavailable)
rCorr   .            (gloves currently unavailable)
SInv    +            (no barding)
Will    ++...        (no amulet)
Stlth   ++           g - ring of protection from fire
HPRegen 0.32/turn    I - +6 ring of dexterity
MPRegen 0.11/turn

%: no passive effects
@: about to teleport, beast-form, wreathed by umbra, very slow
A: beast (slay +2), AC +2, large, see invisible, deformed body, poison
resistance, slowness 2, spit poison 1, naga tail 1
a: Spit Poison, Begin Untransformation, Renounce Religion, Light the Black
Torch, Recall Undead Harvest


You were on level 7 of the Dungeon.
You worshipped Yredelemnul.
Yredelemnul was noncommittal.
You were a hulking beast.
You visited 1 branch of the dungeon, and saw 7 of its levels.

You collected 444 gold pieces.
You spent 75 gold pieces at shops.

Inventory:

Hand Weapons
 m - a +0 dagger
 y - a +0 short sword of venom
 z - a +3 dagger
 H - a +2 halberd of distortion (weapon)
Missiles
 l - 4 poisoned darts (quivered)
Armour
 p - a +3 leather armour of willpower (worn)
 x - a +2 leather armour of cold resistance
 F - a +2 hat
Jewellery
 g - a ring of protection from fire (left hand)
 q - a ring of positive energy
 I - a +6 ring of dexterity (right hand)
 J - a ring of protection from cold
Talismans
 c - a beast talisman (active)
 d - a flux talisman
Wands
 C - a wand of acid (9)
Scrolls
 i - 2 scrolls of vulnerability
 r - a scroll of fear
 s - 2 scrolls of noise
 t - a scroll of teleportation
 u - a scroll of silence {unknown}
 v - a scroll of blinking {unknown}
 B - a scroll of revelation {unknown}
 E - a scroll of amnesia {unknown}
 G - a scroll of enchant armour
Potions
 a - 2 potions of might
 b - a potion of lignification
 e - 2 potions of resistance
 f - 2 potions of berserk rage
 h - 3 potions of curing
 k - a potion of mutation {unknown}
 n - a potion of cancellation {unknown}
 o - 2 potions of brilliance
 w - a potion of magic {unknown}
 A - a potion of degeneration {unknown}
 D - 2 potions of heal wounds


   Skills:
 - Level 5.0 Fighting
 + Level 4.9 Polearms
 - Level 1.5 Dodging
 - Level 3.0 Stealth
 - Level 8.0 Unarmed Combat
 - Level 3.5 Shapeshifting


You had 7 spell levels left.
You didn't know any spells.
Your spell library contained the following spells:

 Spells                   Type           Power      Damage    Failure   Level
 Kiss of Death            Conj/Necr      0%         2d5       38%         1
 Lesser Beckoning         Tloc           0%         N/A       54%         2
 Confusing Touch          Hex            0%         N/A       77%         3
 Frozen Ramparts          Ice            0%         1d1       77%         3
 Gell's Gravitas          Tloc           0%         N/A       77%         3
 Teleport Other           Tloc           0%         N/A       77%         3
 Tukima's Dance           Hex            0%         N/A       77%         3
 Dispel Undead            Necr           0%         3d6       99%         4
 Leda's Liquefaction      Alch/Erth      0%         N/A       99%         4
 Passage of Golubria      Tloc           0%         N/A       99%         4
 Petrify                  Alch/Erth      0%         N/A       99%         4
 Metabolic Englaciation   Hex/Ice        0%         N/A       100%        5
 Yara's Violent Unravell  Hex/Alch       0%         3d3       100%        5


Dungeon Overview and Level Annotations

Branches:
Dungeon (7/15)             Temple (0/1) D:6

Altars:
Gozag
Yredelemnul

Shops:
D:2 *   D:4 :

Annotations:
D:7 Joseph


Innate Abilities, Weirdness & Mutations

You are a hulking beast.
Your limbs bulge with bestial killing power. (Slay +2)
Your serpentine skin is tough. (AC +2)
You have supernaturally acute eyesight. (SInv)
Armour fits poorly on your strangely shaped body.
Your system is resistant to poisons. (rPois)
You cover ground very slowly.
You can spit poison.
You have a snake-like lower body.


Message History

Joseph unwields a +2 quarterstaff of draining.
Joseph wields a +2 sling of electrocution.
You hear the crackle of electricity.
Joseph shoots a sling bullet.
The sling bullet barely misses you.
There's nothing to close nearby.
Unknown command.
Okay, then.
As you read the scroll labelled SOMNOT ATOB, it crumbles to dust.
You hear a loud clanging noise!
It was a scroll of noise.
You hear a shout! x2
Something shouts, "Bolt, thou vain fool-headed clotpole!"
The wight hits your centaur zombie with a +3 mace of freezing.
Your centaur zombie hits the wight.
Your centaur zombie kicks the wight but does no damage.
As you read the scroll labelled YPAPLA SUSIG, it crumbles to dust.
You feel strangely unstable.
It was a scroll of teleportation.
The wight hits your centaur zombie with a +3 mace of freezing!
Your centaur zombie hits the wight.
Your centaur zombie kicks the wight but does no damage.
Joseph shoots a sling bullet.
The sling bullet hits you.
You are electrocuted!
You closely miss the wight.
Your centaur zombie hits the wight.
Your centaur zombie kicks the wight but does no damage.
The wight hits your centaur zombie with a +3 mace of freezing!
The wight barely misses you.
The wight hits your centaur zombie with a +3 battleaxe of freezing!!
Your centaur zombie is destroyed!
Joseph shoots a sling bullet.
The sling bullet hits you. The wight barely misses you.
A water moccasin comes into view.
You closely miss the wight.
Joseph shoots a sling bullet.
The sling bullet hits you! The wight barely misses you.
Joseph shoots a sling bullet.
The sling bullet hits you!
* * * LOW HITPOINT WARNING * * *
You barely miss the wight.
The wight hits you with a +4 short sword of freezing!
You die...
Your body rises from the dead as a mindless zombie.

.#. .......
... .......
... .....?.
...
##.......
...
##........
...
##.).....@.
...
##.zzz......
...
#.<.h...S..:
..#
#...##....#.
. ###. .###
## #


You could see Joseph, a water moccasin and 3 wights.

Vanquished Creatures
  A sky beast (D:6)
  2 black bears
  2 ice beasts
  An ogre (D:5)
  A centaur (D:7)
  A phantom (D:6)
  A scorpion (D:5)
  A gnoll sergeant (D:5)
  3 hounds
  A jelly (D:5)
  2 orc priests
  4 iguanas
  3 sleepcaps
  An orc wizard (D:4)
  3 gnolls (D:5)
  6 adders
  A dart slug (D:1)
  A ribbon worm (D:5)
  15 orcs
  2 ball pythons
  5 endoplasms
  3 giant cockroaches
  4 goblins
  5 hobgoblins
  2 jackals (D:2)
  10 kobolds
  3 quokkas
  7 bats
  5 rats
96 creatures vanquished.

Vanquished Creatures (collateral kills)
  2 hounds (D:6)
  An iguana (D:6)
  2 orcs (D:6)
5 creatures vanquished.

Vanquished Creatures (others)
  A centaur zombie (D:7)
  A sky beast zombie (D:6)
  A hound zombie (D:5)
3 creatures vanquished.

Grand Total: 104 creatures vanquished

Notes
Turn   | Place    | Note
-------+----------+-------------------------------------------
     0 | D:1      | ragingrage the Naga Shapeshifter began the quest for the
                  | Orb.
     0 | D:1      | Reached XP level 1. HP: 18/18 MP: 1/1
   139 | D:1      | Reached XP level 2. HP: 20/25 MP: 2/2
   318 | D:1      | Reached XP level 3. HP: 31/31 MP: 3/3
  1042 | D:2      | Reached skill level 1 in Stealth
  1046 | D:2      | Found an opulent altar of Gozag.
  1303 | D:2      | Reached skill level 4 in Unarmed Combat
  1339 | D:2      | Found Cyak Oru's Assorted Antiques.
  1346 | D:2      | Reached XP level 4. HP: 37/38 MP: 4/4
  1350 | D:2      | Bought a scroll labelled CUMIEKK POYMU for 25 gold pieces
  1350 | D:2      | Bought a scroll labelled SOMNOT ATOB for 25 gold pieces
  1350 | D:2      | Bought a scroll labelled YPAPLA SUSIG for 25 gold pieces
  2279 | D:4      | Reached XP level 5. HP: 43/44 MP: 5/5
  2547 | D:4      | Reached skill level 5 in Unarmed Combat
  2643 | D:4      | Found Estreukof's Tiny Tomes.
  3070 | D:5      | Entered Level 5 of the Dungeon
  3184 | D:5      | Reached XP level 6. HP: 49/51 MP: 6/6
  3191 | D:5      | Noticed an ice beast
  3208 | D:5      | Reached skill level 6 in Unarmed Combat
  3460 | D:5      | Killed an ice beast
  3461 | D:5      | Reached skill level 7 in Unarmed Combat
  3461 | D:5      | Reached XP level 7. HP: 57/57 MP: 7/7
  3822 | D:5      | Found a basalt altar of Yredelemnul.
  3844 | D:5      | Became a worshipper of Yredelemnul the Fallen
  4059 | D:5      | Reached skill level 8 in Unarmed Combat
  4206 | D:5      | Reached XP level 8. HP: 24/70 MP: 8/8
  4507 | D:6      | Found a staircase to the Ecumenical Temple.
  4685 | D:6      | Reached skill level 1 in Polearms
  5008 | D:6      | Reached skill level 5 in Fighting
  5348 | D:7      | Noticed Joseph
  5354 | D:7      | Slain by a wight

Illustrated notes

Levels and vault maps discovered:
D:1:      scummos_arrival_checkerplants, layout_loops_ring
D:2:      layout_basic, basic_altar, serial_shops, shop, minmay_3d_cube
D:3:      layout_loops_ring
D:4:      layout_basic, minmay_misc_feat_encased, minmay_misc_feat_columns,
          nicolae_shop_i_like_small_books_too
D:5:      layout_loops_ring, mainiacjoe_overflow_cross_hatched
D:6:      layout_gridville, temple_statues, kennysheep_nondescript
D:7:      layout_cave_pools, serial_shops, nicolae_shop_bloodbath_and_beyond,
          uniq_menkaure, uniq_pikel, uniq_joseph

Skill      XL: |  1  2  3  4  5  6  7  8 |
---------------+-------------------------+-----
Stealth        | 1 3 |  3.0
Unarmed Combat | 4 5 7 8 |  8.0
Fighting       | 3 5 |  5.0
Polearms       | 4 |  4.9
Dodging        | |  1.5
Shapeshifting  | |  3.5

Action                     |  1- 3 |  4- 6 |  7- 9 || total
---------------------------+-------+-------+-------++-------
  Melee: Unarmed           |    55 |   116 |    25 ||   196
         Punch             |     2 |     5 |     1 ||     8
         Halberd           |       |       |    46 ||    46
  Throw: Dart              |       |       |     9 ||     9
 Invoke: Light the Black T |       |       |     3 ||     3
Ability: Spit Poison       |    18 |    37 |     7 ||    62
  Evoke: Wand              |       |     1 |     3 ||     4
    Use: Scroll            |       |       |    11 ||    11
   Stab: Sleeping          |       |     1 |     1 ||     2
 Armour: Animal skin       |    34 |       |       ||    34
         Leather armour    |     7 |    87 |    53 ||   147
  Dodge: Dodged            |    45 |    48 |    40 ||   133

Table legend: (Time is in decaauts)
 A = Elapsed time spent in this place.
 B = Non-inter-level travel time spent in this place.
 C = Inter-level travel time spent in this place.
 D = Time resting spent in this place.
 E = Time spent auto-exploring this place.
 F = Levels seen in this place.
 G = Mean time per level.
                   A        B        C        D        E       F      G
               +--------+--------+--------+--------+--------+-----+--------+
         Total |   6933 |   6548 |    385 |    641 |   4920 |   7 |  990.4 |
       Dungeon |   6933 |   6548 |    385 |    641 |   4920 |   7 |  990.4 |
               +--------+--------+--------+--------+--------+-----+--------+

Top non-repeatable levels by time:
     D:5: 1639 daAuts
     D:2: 1371 daAuts
     D:4: 1220 daAuts
     D:6: 1069 daAuts
     D:1: 869 daAuts
     D:3: 747 daAuts
     D:7: 16 daAuts
